 Dungeon Crawl Stone Soup version 0.28.0-45-g0d030f2227 (webtiles) character file.

Game seed: 17076009642027403323

9726 issech the Ducker (level 11, -7/94 HPs)
             Began as a Troll Monk on Apr 22, 2022.
             Was a Priest of Hepliaklqana.
             Killed from afar by a hell hound (23 damage)
             ... with a blast of flame
             ... led by Azrael
             ... on level 12 of the Dungeon.
             The game lasted 00:50:02 (9346 turns).

issech the Ducker (Troll Monk)                      Turns: 9346, Time: 00:50:02

Health: -7/94      AC: 16    Str: 21    XL:     11   Next: 26%
Magic:  10/10      EV:  7    Int:  8    God:    Hepliaklqana [***...]
Gold:   745        SH: 28    Dex: 16    Spells: 10/10 levels left

rFire   . . .      SeeInvis .   I - +8 short sword of Hevot {venom, rPois Int+2}
rCold   . . .      Faith    .   S - +18 shield of the Gong {rElec rN+ Will+ EV-5}
rNeg    + . .      Spirit   .   O - +1 troll leather armour
rPois   +          Reflect  .   (helmet restricted)
rElec   +          Harm     .   K - +0 cloak
rCorr   .          Rampage  .   (gloves unavailable)
Will    +....                   (boots unavailable)
Stlth   ++........              (no amulet)
HPRegen 1.85/turn               h - +4 ring of protection
MPRegen 0.12/turn               o - +4 ring of protection

@: hasted, very quick
A: reduced essence, large, unfitting armour, claws 3, regeneration 1, shaggy fur
1, tough skin 1
a: Renounce Religion, Recall Ancestor, Ancestor Identity, Transference


You were on level 12 of the Dungeon.
You worshipped Hepliaklqana.
Hepliaklqana was most pleased with you.
You visited 2 branches of the dungeon, and saw 13 of its levels.

You collected 745 gold pieces.

Inventory:

Hand Weapons
 H - a +4 mace of holy wrath
 I - the +8 short sword of Hevot (weapon) {venom, rPois Int+2}
   (You found it on level 5 of the Dungeon)

   It poisons the flesh of those it strikes.
   Int:       It affects your intelligence (+2).
   rPois:     It protects you from poison.
 J - a +3 quarterstaff of chaos
 T - a +0 morningstar
 V - the +10 arbalest "Cynky" {elec, rPois rC++}
   (You found it on level 10 of the Dungeon)

   Any ammunition fired from it occasionally discharges a powerful burst of
   electricity upon striking a foe.
   rC:        It greatly protects you from cold.
   rPois:     It protects you from poison.
Missiles
 e - 364 stones
 j - 83 bolts
 n - a curare-tipped dart
 r - 48 sling bullets
 v - 44 poisoned darts
 x - 114 arrows
 C - 2 javelins
 E - 6 throwing nets
 F - 2 atropa-tipped darts
 N - 15 boomerangs (quivered)
 Y - 4 large rocks
Armour
 y - the +2 robe of Gufocethya {*Slow rElec rF+++ rC+}
   (You found it on level 3 of the Dungeon)

   rF:        It renders you almost immune to fire.
   rC:        It protects you from cold.
   rElec:     It insulates you from electricity.
   *Slow:     It may slow you when you take damage.
 z - the +1 robe of Solyalumu {rC+ Regen+ SInv}
   (You found it on level 9 of the Dungeon)

   rC:        It protects you from cold.
   SInv:      It lets you see invisible.
   Regen:     It increases your rate of health regeneration.
 K - a +0 cloak (worn)
 O - a +1 troll leather armour (worn)
 Q - +0 steam dragon scales
 S - the +18 shield of the Gong (worn) {rElec rN+ Will+ EV-5}
   (You acquired it on level 10 of the Dungeon)

   It is deafeningly noisy when blocking attacks.
   EV:        It affects your evasion (-5).
   rElec:     It insulates you from electricity.
   rN:        It protects you from negative energy.
   Will:      It increases your willpower.
Magical Staves
 a - a staff of conjuration
Jewellery
 h - a +4 ring of protection (left claw)
 m - a ring of protection from cold
 o - a +4 ring of protection (right claw)
 t - a ring of willpower
 w - a ring of positive energy
 L - a ring of poison resistance
 P - a ring of protection from cold
 X - a ring of poison resistance
Wands
 b - a wand of polymorph (13)
 d - a wand of paralysis (17)
 g - a wand of digging (4)
 B - a wand of iceblast (1)
 W - a wand of mindburst (24)
 Z - a wand of flame (22)
Scrolls
 c - 4 scrolls of teleportation
 f - 2 scrolls of brand weapon
 i - 3 scrolls of enchant weapon
 k - 3 scrolls of fog
 s - 2 scrolls of silence
 A - a scroll of magic mapping
 D - 2 scrolls of enchant armour
 U - a scroll of blinking
Potions
 l - 2 potions of flight
 p - 2 potions of resistance
 q - 2 potions of curing
 u - 2 potions of might {unknown}
 G - 3 potions of magic {unknown}
 M - 3 potions of heal wounds {unknown}
 R - a potion of degeneration {unknown}


   Skills:
 + Level 6.0 Fighting
 + Level 6.4 Short Blades
 + Level 6.4 Maces & Flails
 + Level 3.5 Throwing
 + Level 1.6 Armour
 + Level 7.4 Dodging
 + Level 3.1 Stealth
 + Level 6.2 Shields


You had 10 spell levels left.
You didn't know any spells.
Your spell library contained the following spells:

 Spells                   Type           Power      Damage    Failure   Level
 Animate Skeleton         Necr           0%         N/A       73%         1
 Apportation              Tloc           0%         N/A       73%         1
 Beastly Appendage        Tmut           0%         N/A       73%         1
 Pain                     Necr           0%         1d4       73%         1
 Summon Small Mammal      Summ           0%         N/A       73%         1
 Blink                    Tloc           0%         N/A       86%         2
 Ignite Poison            Fire/Tmut/Pois 0%         N/A       97%         3
 Lesser Beckoning         Tloc           0%         N/A       97%         3
 Vampiric Draining        Necr           0%         2d6       97%         3
 Alistair's Intoxication  Tmut/Pois      0%         N/A       100%        5
 Manifold Assault         Tloc           0%         N/A       100%        5
 Necromutation            Tmut/Necr      0%         N/A       100%        8


Dungeon Overview and Level Annotations

Branches:
Dungeon (12/15)            Temple (1/1) D:6            Lair (0/6) D:10
    Orc (0/2) D:10

Altars:
Ashenzari
Cheibriados
Dithmenos
Elyvilon
Fedhas
Gozag
Hepliaklqana
Kikubaaqudgha
Makhleb
Nemelex Xobeh
Okawaru
Qazlal
Ru
Sif Muna
Trog
Uskayaw
Vehumet
Wu Jian
Xom
Yredelemnul
Zin
The Shining One

Shops:
D:6 !*=([

Annotations:
D:12 Azrael


Innate Abilities, Weirdness & Mutations

Your life essence is reduced to manifest your ancestor. (-10% HP)
You are too large for most types of armour.
You have claws for hands.
Your natural rate of healing is unusually fast.
You are covered in fur. (AC +1)
You have tough skin. (AC +1)


Message History

Azrael is lightly wounded.
You block the hell hound's attack.
BOUMMMMG!
Artakama points at Azrael and mumbles some strange words.
The puff of frost hits Azrael!!
Azrael is frozen!
You hear a sizzling sound!
You block Azrael's attack.
GONNNNG!
You hit Azrael.
Azrael is poisoned.
Azrael is moderately wounded.
The hell hound breathes flames at you. The blast of flame hits you!
You barely miss Azrael.
Azrael is moderately wounded.
You block the hell hound's attack.
BONNNG!
You block Azrael's attack.
PTOANNNG!
You hear an angry hiss.
You hear a howl!
You hear a roar!
Unknown command.
You barely miss Azrael.
Azrael is moderately wounded.
The hell hound bites you!
You barely miss Azrael.
Azrael is moderately wounded.
A centaur comes into view.
You block the hell hound's attack.
BOUMMMMG!
Azrael gestures at you.
The fireball explodes!
The fireball engulfs you!!
* * * LOW HITPOINT WARNING * * *
The fireball engulfs Azrael.
Azrael completely resists.
The fireball engulfs Artakama!!
Artakama resists.
Artakama is destroyed!
The fireball engulfs the hell hound.
The hell hound completely resists.
You block Azrael's attack.
PANG!
You hear a shout!
You hear a howl! x2
The hell hound breathes flames at you. The blast of flame hits you!!
You die...

#### #..# ##...# #..#
##.....###..#
#.......##..#
#.......##..# .
#...........# .#
#...........# ..#
#.....^.....## ...#
#.........)@.###T°..#
#......<..##.R.EE#
#.........###h####
#........####†#
##.......# #..#
##.....## #.##
#....## #.# ##... #.#
##.# #.##


You could see Azrael (very poisoned), 2 fire elementals and a hell hound
(catching breath).

Vanquished Creatures
  A hydra (D:10)
  A two-headed ogre (D:6)
  2 manticores
  A troll (D:10)
  A shadow (D:12)
  4 yaks
  A vampire mosquito (D:11)
  A hell hound (D:12)
  3 orc warriors
  A black bear (D:7)
  2 ogres
  A centaur (D:7)
  2 kobold brigands
  3 bullfrogs
  A wyvern zombie (D:7)
  4 gnoll sergeants (D:9)
  A wyvern skeleton (D:7)
  A water moccasin skeleton (D:4)
  10 killer bees
  11 wights
  A howler monkey (D:8)
  A lava snake (D:7)
  A centaur zombie (D:5)
  3 jellies
  3 gnoll shamans
  5 hounds
  2 orc priests
  Crazy Yiuf (D:5)
  A centaur skeleton (D:7)
  3 iguanas
  4 orc wizards
  A hound zombie (D:5)
  3 hound skeletons
  A howler monkey zombie (D:7)
  19 gnolls
  4 adders
  2 shadow imps
  An ufetubus (D:7)
  A worm (D:2)
  4 dart slugs
  16 orcs
  5 ball pythons
  11 endoplasms
  2 giant cockroaches
  7 goblins
  8 hobgoblins
  4 jackals (D:9)
  12 kobolds
  5 quokkas
  8 bats
  2 frilled lizards (D:1)
  2 rats
195 creatures vanquished.

Vanquished Creatures (collateral kills)
  An ugly thing (D:12)
  Maggie (D:6)
  A gargoyle (D:10)
  A kobold demonologist (D:12)
  A shadow (D:11)
  A fire elemental (D:12)
  2 vampire mosquitoes (D:11)
  A water moccasin (D:8)
  An orc warrior (D:9)
  An ogre (D:6)
  2 centaurs
  A bullfrog (D:8)
  6 killer bees
  2 wights (D:7)
  2 howler monkeys (D:8)
  An electric eel (D:9)
  A centaur zombie (D:8)
  5 hounds
  A gnoll shaman (D:9)
  An orc priest (D:11)
  4 orc wizards
  A killer bee zombie (D:8)
  A howler monkey zombie (D:9)
  19 gnolls (D:9)
  5 orcs
  5 jackals (D:9)
  5 kobolds
73 creatures vanquished.

Vanquished Creatures (others)
  2 battlemagi
  7 fungi (D:6)
  2 plants (D:1)
11 creatures vanquished.

Grand Total: 279 creatures vanquished

Notes
Turn   | Place    | Note
-------+----------+-------------------------------------------
     0 | D:1      | issech the Troll Monk began the quest for the Orb.
     0 | D:1      | Reached XP level 1. HP: 22/22 MP: 0/0
    99 | D:1      | Reached XP level 2. HP: 27/29 MP: 1/1
   277 | D:1      | Found a faded altar of an unknown god.
   360 | D:1      | Reached XP level 3. HP: 36/36 MP: 2/2
  1284 | D:2      | Reached skill level 3 in Dodging
  1332 | D:2      | Noticed an ogre
  1346 | D:2      | Killed an ogre
  1347 | D:2      | Reached skill level 1 in Throwing
  1347 | D:2      | Reached XP level 4. HP: 29/45 MP: 3/3
  1347 | D:2      | Reached XP level 5. HP: 34/53 MP: 4/4
  1837 | D:3      | Got the Incunabulum of Transformation
  2014 | D:3      | Identified the +2 robe of Gufocethya {*Slow rElec rF+++
                  | rC+}
  2287 | D:4      | Reached XP level 6. HP: 61/61 MP: 5/5
  2607 | D:4      | Found a snail-covered altar of Cheibriados.
  2934 | D:5      | Entered Level 5 of the Dungeon
  3282 | D:5      | Reached XP level 7. HP: 34/67 MP: 6/6
  3667 | D:5      | Reached skill level 4 in Dodging
  3793 | D:5      | Found a runed translucent door.
  3794 | D:5      | Noticed Crazy Yiuf
  3891 | D:5      | Found a blossoming altar of Fedhas.
  3899 | D:5      | Found a glowing silver altar of Zin.
  3899 | D:5      | Identified the +8 short sword of Hevot {venom, rPois Int+2}
  3903 | D:5      | Reached skill level 1 in Shields
  3923 | D:5      | Found a shadowy altar of Dithmenos.
  4020 | D:5      | Killed Crazy Yiuf
  4093 | D:6      | Reached skill level 5 in Maces & Flails
  4129 | D:6      | Found Jeniav's Distillery.
  4224 | D:6      | Found a basalt altar of Yredelemnul.
  4362 | D:6      | Found Osadyrpha's Fire Supplies.
  4435 | D:6      | Noticed a two-headed ogre
  4478 | D:6      | Killed a two-headed ogre
  4479 | D:6      | Reached skill level 1 in Short Blades
  4479 | D:6      | Reached XP level 8. HP: 55/78 MP: 7/7
  4548 | D:6      | Reached skill level 5 in Dodging
  4643 | D:6      | Found Amuruthi's Jewellery Emporium.
  4714 | D:6      | You fall into a shaft and drop 1 floor!
  4758 | D:7      | Reached XP level 9. HP: 78/84 MP: 8/8
  4809 | D:7      | Found a sacrificial altar of Ru.
  5301 | D:6      | Found Sohuwnudd's Weapon Boutique.
  5537 | D:6      | Found a staircase to the Ecumenical Temple.
  5562 | Temple   | Entered the Ecumenical Temple
  5607 | Temple   | Became a worshipper of Hepliaklqana the Forgotten
  5607 | Temple   | Reached * piety under Hepliaklqana
  5607 | Temple   | Reached ** piety under Hepliaklqana
  5608 | Temple   | Remembered your ancestor Artakama as a battlemage
  5630 | D:6      | Noticed Maggie
  5640 | D:6      | Killed Maggie
  5641 | D:6      | Reached skill level 5 in Fighting
  5641 | D:6      | Reached skill level 6 in Dodging
  5682 | D:6      | Found Kaost's Armour Emporium.
  5832 | D:6      | Found a glowing golden altar of the Shining One.
  6407 | D:8      | Found a radiant altar of Vehumet.
  6418 | D:8      | Found an ancient bone altar of Kikubaaqudgha.
  6419 | D:8      | Found a shimmering blue altar of Sif Muna.
  6424 | D:8      | Got Sif Muna's Incunabulum of Shape Shifting
  6638 | D:8      | Reached XP level 10. HP: 86/86 MP: 9/9
  6646 | D:8      | Found an iron altar of Okawaru.
  7261 | D:9      | Identified the +1 robe of Solyalumu {rC+ Regen+ SInv}
  7857 | D:9      | Reached skill level 5 in Short Blades
  8100 | D:9      | Reached *** piety under Hepliaklqana
  8122 | D:9      | Reached skill level 5 in Shields
  8286 | D:10     | Entered Level 10 of the Dungeon
  8379 | D:10     | Found a staircase to the Lair.
  8398 | D:10     | Identified the +10 arbalest "Cynky" {elec, rPois rC++}
  8413 | D:10     | Noticed a gargoyle
  8420 | D:10     | Killed a gargoyle
  8457 | D:10     | Noticed an eight-headed hydra
  8470 | D:10     | Killed an eight-headed hydra
  8471 | D:10     | Reached skill level 7 in Dodging
  8739 | D:10     | Identified a scroll of acquirement
  8739 | D:10     | Acquired the +18 shield of the Gong {rElec rN+ Will+ EV-5}
  8739 | D:10     | Found the +18 shield of the Gong {rElec rN+ Will+ EV-5}
  8907 | D:10     | Found a staircase to the Orcish Mines.
  8983 | D:10     | Found an ornate altar of the Wu Jian Council.
  9074 | D:11     | Noticed a manticore
  9079 | D:11     | Killed a manticore
  9090 | D:11     | Reached skill level 1 in Armour
  9214 | D:11     | Reached XP level 11. HP: 94/94 MP: 10/10
  9317 | D:12     | Noticed a red ugly thing
  9327 | D:12     | Killed a red ugly thing
  9331 | D:12     | Noticed Azrael
  9346 | D:12     | Killed from afar by a hell hound

Illustrated notes

Levels and vault maps discovered:
D:1:      dpeg_arrival_boxorama, layout_rooms,
          hellmonk_ecumenical_altar_pennies_from_heaven, serial_bayou_pond_c,
          minmay_tromino_v4_c
D:2:      layout_basic
D:3:      layout_rooms
D:4:      layout_loops_ring, kennysheep_slug_shrine
D:5:      layout_loops_corners, minmay_overflow_temple_star_quad,
          uniq_crazy_yiuf_cottage
D:6:      layout_gridville, mainiacjoe_overflow_chevrons, tso_oasis_becter,
          minmay_temple_entry_offerings, serial_shops,
          nicolae_shop_bloodbath_and_beyond, shop_coins,
          nicolae_take_the_stairs, nicolae_shop_behind_doors,
          nicolae_shop_fire_sale [nicolae_sub_dead_trees], uniq_maggie
D:7:      layout_loops_cross, mainiacjoe_overflow_surrounded_room,
          kennysheep_potato
D:8:      layout_cave_pools, grunt_temple_overflow_magic_moments,
          okawaru_ov_weapons_minmay
D:9:      layout_cave_pools, serial_gnoll_camp, gnoll_camp_mini_hut,
          gnoll_camp_mini_doghouse, gnoll_camp_mini_basic, gnoll_camp_huts_moat,
          gnoll_camp_mini_house
D:10:     layout_rooms, pdpol_wu_jian_five_deadly_venoms, lair_entry_dummy,
          orc_0_dummy
D:11:     layout_basic
D:12:     minmay_ornate_pinched, layout_cave_pods, uniq_azrael
Temple:   eino_wide_crystal_templ

Skill      XL: |  1  2  3  4  5  6  7  8  9 10 11 |
---------------+----------------------------------+-----
Maces & Flails | 3 4 5 6 |  6.4
Fighting       | 3 4 5 6 |  6.0
Dodging        | 3 4 5 6 7 |  7.4
Throwing       | 1 2 3 |  3.5
Shields        | 2 3 4 5 6 |  6.2
Short Blades   | 1 4 6 |  6.4
Stealth        | 2 3 |  3.1
Armour         | 1 |  1.6

Action                   |  1- 3 |  4- 6 |  7- 9 | 10-12 || total
-------------------------+-------+-------+-------+-------++-------
Melee: Mace              |   108 |     8 |    87 |       ||   203
       Punch             |     1 |       |       |       ||     1
       Flail             |       |   186 |    15 |       ||   201
       Short sword       |       |       |   161 |   218 ||   379
Throw: Stone             |    43 |    76 |    21 |       ||   140
       Boomerang         |       |       |       |     6 ||     6
Invok: Ancestor Life: Ba |       |       |     1 |       ||     1
  Use: Scroll            |       |     4 |     4 |     4 ||    12
       Potion            |       |       |       |     4 ||     4
 Stab: Distracted        |       |       |     1 |     6 ||     7
       Sleeping          |       |       |       |     2 ||     2
Armor: Robe              |    48 |   152 |    91 |       ||   291
       Steam dragon scal |       |       |    26 |    40 ||    66
       Troll leather arm |       |       |       |    36 ||    36
Dodge: Dodged            |    64 |   111 |   144 |    76 ||   395
Block: Kite shield       |     3 |    79 |   155 |   191 ||   428
